 Dungeon Crawl Stone Soup version 0.24-a0-630-g0d56a851f4 (webtiles) character file.

Game seed: 10701080246748539341, levelgen mode: deterministic

243 1994 the Skirmisher (level 6, 0/49 HPs)
             Began as a Formicid Abyssal Knight on Sept 20, 2019.
             Was a Believer of Lugonu.
             Slain by an orc wizard
             ... wielding a +0 dagger
              (1 damage)
             ... on level 3 of the Dungeon.
             The game lasted 00:09:49 (3724 turns).

1994 the Skirmisher (Formicid Abyssal Knight)       Turns: 3724, Time: 00:09:50

Health: 0/49       AC:  6    Str: 15 (18) XL:     6   Next: 31%
Magic:  8/8        EV: 11    Int:  9 (12) God:    Lugonu [**....]
Gold:   143        SH:  0    Dex:  9 (10) Spells: 5/5 levels left

rFire    + . .     SeeInvis +   a - +1 hand axe
rCold    + . .     Gourm    .   (no shield)
rNeg     . . .     Faith    .   k - +0 ring mail (curse)
rPois    +         Spirit   .   (helmet unavailable)
rElec    +         Reflect  .   (no cloak)
rCorr    +         Harm     .   (no gloves)
MR       .....                  (no boots)
Stlth    ..........             (no amulet)
HPRegen  0.16/turn              n - +1 ring of protection
MPRegen  0.11/turn              (no ring)

@: resistant
A: permanent stasis, dig shafts and tunnels, four strong arms, antennae 3
a: Dig, Shaft Self, Depart the Abyss, Bend Space, Renounce Religion


You were on level 3 of the Dungeon.
You worshipped Lugonu.
Lugonu was pleased with you.
You were near starving.

You visited 1 branch of the dungeon, and saw 4 of its levels.
You visited the Abyss 1 time.

You collected 143 gold pieces.

Inventory:

Hand Weapons
 a - a +1 hand axe (weapon)
 j - a +2 short sword of electrocution
 r - a +0 hunting sling
Missiles
 f - 34 stones (quivered)
Armour
 k - a cursed +0 ring mail (worn)
Jewellery
 n - a +1 ring of protection (left hand)
Scrolls
 e - 2 scrolls of random uselessness {unknown}
 l - a scroll of enchant weapon {unknown}
 m - 2 scrolls of identify {unknown}
 p - a scroll of remove curse {unknown}
 q - 3 scrolls of teleportation {unknown}
 s - a scroll of magic mapping {unknown}
 u - a scroll of amnesia {unknown}
 v - a scroll of blinking {unknown}
Potions
 b - a potion of haste {unknown}
 d - a potion of magic {unknown}
 g - 2 potions of curing {unknown}
 h - a potion of degeneration
 i - 2 potions of resistance
 o - a potion of invisibility {unknown}
Comestibles
 c - 9 rations


   Skills:
 + Level 4.3 Fighting
 * Level 4.1 Axes
 - Level 2.1 Armour
 + Level 2.3 Dodging
 + Level 3.8 Invocations


You had 5 spell levels left.
You didn't know any spells.
Your spell library was empty.

Dungeon Overview and Level Annotations

Branches:
Dungeon (4/15)
 Temple: D:4-7

Altars:
Cheibriados
Okawaru
Qazlal
Sif Muna
Vehumet

Annotations:
D:3 orc w


Innate Abilities, Weirdness & Mutations

You cannot be hasted, slowed, berserked, paralysed or teleported.
You can dig through walls and to a lower floor.
Your four strong arms can wield two-handed weapons with a shield.
You have a pair of large antennae on your head. (SInv)


Message History

You completely miss the orc wizard.
The orc wizard is severely wounded.
The orc wizard misses you.
You hit the orc wizard.
The orc wizard is severely wounded.
The orc wizard begins to cast a cantrip, but forgets the words!
The orc wizard hits you with a +0 dagger.
* * * LOW HITPOINT WARNING * * *
You aren't carrying any items that you can evoke.
It was a potion of resistance.
You feel protected. The orc wizard casts a spell at you.
The puff of frost hits you. You resist.
* * * LOW HITPOINT WARNING * * *
It was a potion of degeneration.
There was something very wrong with that liquid.
You feel weakened.
You feel dopey.
You feel clumsy.
The orc wizard hits you but does no damage.
The orc wizard hits you with a +0 dagger.
You die...

#####.....# ##.#.# #.#
....#.....# #.#.# #.#
....#.....# #.#.# #<#
....#..)..# #.#.# #.#
....####.## #.#.# #.# ....#
#.# #...# #.# ##.## #.#
##..# #.# #.# #.# ##.)###
#.# #.# ###o# #..@).#
#####.# ##.###.#.# #.o.).#
#.....# .....#.#.# #.....#
#.##### .......#.# #.....#
#.# ###.o#.#.# #.....# #.#
..(..#.#.#######'### #.#
###..#.#.#......>########.#
###..#.#................#.#
.##..#.###.############.#.#


You could see an orc wizard.

Vanquished Creatures
  A howler monkey (D:4)
  An orc priest (D:3)
  An iguana (D:3)
  An adder (D:2)
  5 gnolls (D:3)
  3 oozes
  2 worms (D:3)
  4 dart slugs
  A leopard gecko (D:3)
  4 orcs
  5 bats
  9 hobgoblins
  3 jackals (D:1)
  A quokka (D:3)
  A ball python (D:1)
  11 frilled lizards
  4 goblins
  10 kobolds
  8 rats
75 creatures vanquished.

Notes
Turn   | Place    | Note
-------+----------+-------------------------------------------
     0 | Abyss:1  | 1994 the Formicid Abyssal Knight began the quest for the
                  | Orb.
     0 | Abyss:1  | Reached XP level 1. HP: 18/18 MP: 2/2
    48 | Abyss:1  | Noticed a worldbinder
    75 | Abyss:1  | Noticed a hellwing
    77 | D:1      | Escaped the Abyss
   107 | D:1      | Reached * piety under Lugonu
   107 | D:1      | Reached skill level 1 in Dodging
   175 | D:1      | Reached XP level 2. HP: 23/24 MP: 3/3
   309 | D:1      | Reached XP level 3. HP: 29/29 MP: 4/4
  1154 | D:2      | Found an iron altar of Okawaru.
  1178 | D:2      | Reached XP level 4. HP: 32/37 MP: 6/6
  1235 | D:2      | Found a shimmering blue altar of Sif Muna.
  1235 | D:2      | Found a stormy altar of Qazlal.
  2003 | D:3      | Reached ** piety under Lugonu
  2017 | D:3      | Found a radiant altar of Vehumet.
  2054 | D:3      | Found a snail-covered altar of Cheibriados.
  2706 | D:3      | Reached XP level 5. HP: 39/42 MP: 7/7
  3333 | D:4      | Noticed an orc warrior
  3340 | D:3      | Reached XP level 6. HP: 37/48 MP: 8/8
  3704 | D:4      | Noticed an ogre
  3723 | D:3      | HP: 1/49 [orc wizard/puff of frost (2)]
  3724 | D:3      | Slain by an orc wizard

Levels and vault maps discovered:
D:1:      shiori_arrival_oz, layout_basic
D:2:      layout_loops_ring, gammafunk_temple_overflow_statue,
          okawaru_gym_becter
D:3:      layout_basic, lemuel_crystal_altar, kennysheep_slug_shrine,
          first_ration
D:4:      layout_cave_pools, elyvilon_altar_4, minitemple,
          minmay_temple_entry_hall

Skill      XL: |  1  2  3  4  5  6 |
---------------+-------------------+-----
Dodging        | 1 2 |  2.3
Axes           | 3 4 |  4.1
Invocations    | 3 |  3.8
Fighting       | 4 |  4.3
Armour         | |  2.1

Action                   |  1- 3 |  4- 6 || total
-------------------------+-------+-------++-------
Melee: Hand axe          |    77 |   151 ||   228
Invok: Depart the Abyss  |     1 |       ||     1
       Bend Space        |       |     1 ||     1
 Abil: Dig               |     1 |       ||     1
  Use: Potion            |       |     2 ||     2
  Eat: Chunk             |     1 |     6 ||     7
Armor: Leather armour    |    13 |       ||    13
       Ring mail         |    25 |    57 ||    82
Dodge: Dodged            |    47 |   113 ||   160

Table legend:
 A = Non-vault XP
 B = Vault XP
 C = Vault XP percentage of total XP
 D = Non-vault monster count
 E = Vault monster count
 F = Vault count percentage of total count
                 A         B        C        D         E       F
            +---------+---------+-------+---------+---------+-------
      Total |     340 |       8 |   2.3 |      72 |       3 |   4.0
            +---------+---------+-------+---------+---------+-------
        D:1 |      56 |       4 |   6.7 |      29 |       2 |   6.5
        D:2 |      36 |       0 |   0.0 |      14 |       0 |   0.0
        D:3 |     190 |       4 |   2.1 |      25 |       1 |   3.8
        D:4 |      58 |       0 |   0.0 |       4 |       0 |   0.0
            +---------+---------+-------+---------+---------+-------
